 Dungeon Crawl Stone Soup version 0.30-a0-458-g86641cc369 (webtiles) character file.

Game seed: 9865799984134329014

12730 PyroL the Warrior (level 11, -1/101 HPs)
             Began as a Yellow Draconian Warper on Dec 14, 2022.
             Was a Believer of Hepliaklqana.
             Killed from afar by an efreet (10 damage)
             ... with a bolt of fire
             ... on level 9 of the Dungeon.
             The game lasted 00:32:26 (10952 turns).

PyroL the Warrior (Yellow Draconian Warper)        Turns: 10952, Time: 00:32:28

Health: -1/101     AC:  9    Str: 23    XL:     11   Next: 66%
Magic:  13/19      EV: 11    Int: 19    God:    Hepliaklqana [**....]
Gold:   855        SH:  3    Dex: 12    Spells: 8/20 levels left

rFire   + . .      SeeInvis .    z - +6 trident "Cololyco" {drain, Int+6}
rCold   . . .      Faith    .    d - +0 buckler
rNeg    . . .      Spirit   .    (body armour unavailable)
rPois   .          Reflect  .    (helmet restricted)
rElec   .          Harm     .    B - scarf {repulsion}
rCorr   +          Rampage  .    G - +0 pair of gloves
Will    .....                    f - +0 pair of boots
Stlth   +.........               r - amulet of regeneration
HPRegen 1.16/turn                D - +6 ring of strength
MPRegen 0.16/turn                q - ring of protection from fire

@: repel missiles
A: reduced essence, spit acid, AC +7, unfitting armour, cold-blooded, acid
resistance
a: Breathe Acid, Renounce Religion, Recall Ancestor, Ancestor Identity


You were on level 9 of the Dungeon.
You worshipped Hepliaklqana.
Hepliaklqana was pleased with you.
You visited 2 branches of the dungeon, and saw 10 of its levels.
You also visited: Ossuary.

You collected 855 gold pieces.

Inventory:

Hand Weapons
 z - the +6 trident "Cololyco" (weapon) {drain, Int+6}
   (You took it off a gnoll on level 6 of the Dungeon)

   A truly terrible weapon, it drains the life of any living foe it strikes.
   Int:       It affects your intelligence (+6).
 M - the +7 dagger of Godaklom {venom, rF- Str+7 SInv}
   (You took it off a centaur on level 9 of the Dungeon)

   It poisons the flesh of those it strikes.
   Str:       It affects your strength (+7).
   rF:        It makes you vulnerable to fire.
   SInv:      It lets you see invisible.
Missiles
 c - 4 boomerangs of dispersal
 A - 4 boomerangs
Armour
 d - a +0 buckler (worn)
 f - a +0 pair of boots (worn)
 B - a scarf of repulsion (worn)
 G - a +0 pair of gloves (worn)
Jewellery
 p - an amulet of reflection
 q - a ring of protection from fire (right hand)
 r - an amulet of regeneration (around neck)
 x - a ring of poison resistance
 D - a +6 ring of strength (left hand)
 K - a +4 ring of slaying
Wands
 t - a wand of iceblast (26)
 y - a wand of digging (8)
 E - a wand of mindburst (10)
 I - a wand of quicksilver (13)
Scrolls
 a - 2 scrolls of torment {unknown}
 b - 2 scrolls of blinking
 h - 8 scrolls of teleportation
 i - 2 scrolls of identify
 j - 3 scrolls of fog {unknown}
 k - a scroll of brand weapon
 l - 2 scrolls of amnesia
 m - 2 scrolls of vulnerability {unknown}
 o - 2 scrolls of fear
 s - a scroll of enchant armour {unknown}
 u - 2 scrolls of silence
 v - a scroll of poison {unknown}
 C - a scroll of noise {unknown}
 H - a scroll of enchant weapon {unknown}
 J - 3 scrolls of magic mapping {unknown}
Potions
 e - a potion of haste
 g - 2 potions of mutation
 n - 3 potions of heal wounds
 w - a potion of ambrosia
 F - 2 potions of might {unknown}
 L - a potion of cancellation {unknown}


   Skills:
 - Level 15.6 Fighting
 - Level 2.0 Maces & Flails
 * Level 1.2 Polearms
 - Level 0.8 Throwing
 - Level 2.1 Dodging
 - Level 5.3 Spellcasting
 - Level 10.0 Translocations
 - Level 5.0 Air Magic
 + Level 0.9 Invocations


You had 8 spell levels left.
You knew the following spells:

 Your Spells              Type           Power      Damage    Failure   Level
a - Blink                 Tloc           86%        N/A       1%          2
b - Teleport Other        Tloc           43%        N/A       1%          3
c - Manifold Assault      Tloc           43%        N/A       2%          4
d - Vhi's Electric Charg  Tloc/Air       66%        N/A       2%          3

Your spell library contained the following spells:

 Spells                   Type           Power      Damage    Failure   Level
 Lesser Beckoning         Tloc           86%        N/A       1%          3
 Poisonous Vapours        Pois/Air       28%        N/A       9%          2
 Cigotuvi's Dreadful Rot  Necr/Pois/Air  22%        N/A       12%         2
 Sublimation of Blood     Necr           5%         N/A       24%         2
 Wereblood                Tmut           5%         N/A       24%         2
 Mephitic Cloud           Conj/Pois/Air  11%        N/A       24%         3
 Summon Ice Beast         Ice/Summ       5%         N/A       85%         4
 Summon Mana Viper        Hex/Summ       5%         N/A       99%         5
 Monstrous Menagerie      Summ           2%         N/A       100%        7
 Summon Hydra             Summ           2%         N/A       100%        7


Dungeon Overview and Level Annotations

Branches:
Dungeon (9/15)             Temple (1/1) D:5         Ossuary (visited)
   Lair: D:8-11         Orc: D:9-12

Altars:
Ashenzari
Cheibriados
Dithmenos
Elyvilon
Fedhas
Gozag
Hepliaklqana
Kikubaaqudgha
Makhleb
Nemelex Xobeh
Okawaru
Qazlal
Ru
Sif Muna
Trog
Uskayaw
Vehumet
Wu Jian
Xom
Yredelemnul
The Shining One
Jiyva

Shops:
D:2 [(   D:5 *[   D:6 !   D:7 (


Innate Abilities, Weirdness & Mutations

Your life essence is reduced to manifest your ancestor. (-10% HP)
You can spit globs of acid.
Your golden yellow scales are hard. (AC +7)
You cannot fit into any form of body armour.
You are cold-blooded and may be slowed by cold attacks.
You are resistant to acid. (rCorr)


Message History

Your magical contamination has completely faded away.
Unknown command.
You barely miss the efreet.
The efreet is lightly wounded.
The efreet hits you with a +1 scimitar of flaming.
* * * LOW HITPOINT WARNING * * *
Unknown command.
You feel much better.
The efreet hits you with a +1 scimitar of flaming.
* * * LOW HITPOINT WARNING * * *
The efreet burns you.
* * * LOW HITPOINT WARNING * * *
You hit the efreet. You tail-slap the efreet.
The efreet is moderately wounded.
The efreet hits you with a +1 scimitar of flaming!
* * * LOW HITPOINT WARNING * * *
The efreet burns you.
* * * LOW HITPOINT WARNING * * *
The efreet gestures at you.
The fireball explodes!
The fireball engulfs you! You resist.
* * * LOW HITPOINT WARNING * * *
The fireball engulfs the efreet.
The efreet completely resists.
Casting: Manifold Assault (mildly dangerous; 2% risk of failure)
Confirm with . or Enter, or press ? or * to list all spells.
You blink.
The efreet gestures at you.
The fireball explodes!
The fireball engulfs you. You resist.
* * * LOW HITPOINT WARNING * * *
Casting: Blink (safe; 1% risk of failure)
Confirm with . or Enter, or press ? or * to list all spells.
Okay, then.
Okay, then.
You feel stable enough to blink again.
Casting: Blink (safe; 1% risk of failure)
Confirm with . or Enter, or press ? or * to list all spells.
You blink.
You are engulfed in blazing flames.
You resist.
* * * LOW HITPOINT WARNING * * *
The efreet gestures at you. The bolt of fire hits you! You resist.
You die...

#.).##......### ###.####.#
#...#....####...#...|)#.##
########..)#..###......##....#.##
..[.(.)...(......# #....#...##
######÷(.#.#..####.....#....###
#...#.#..§.####.. #)....#
#...#.##......### ###.###
#...#..##.R.....###..#..##
....##. ##.@...###.##.##.##
...... .. ###°####..##.##..#
...........#.....#.##.)#..##.#
##.#######.#.###.#.##..#..##.#
#.# #.##...#.#..##.##..#. #.#
#.#.###.#.##..#..##.#
#####.#######.# ...#.##..#..##.#
..............########..##.##..##
.....................##.##R##.##.


You could see an efreet.

Vanquished Creatures
  Erica (D:8)
  A two-headed ogre (D:8)
  Pikel (D:8)
  2 cyclopes (D:9)
  A kobold demonologist (D:9)
  A hornet (D:9)
  Prince Ribbit (D:9)
  Sigmund (D:4)
  A wyvern (D:9)
  7 yaks
  Eustachio (D:6)
  A wraith (D:9)
  2 steam dragons (D:9)
  A vampire mosquito (D:9)
  A water moccasin (D:6)
  2 orc warriors (D:9)
  A black bear (D:6)
  An ogre (D:6)
  2 phantoms
  7 centaurs
  2 elf zombies (Ossuary)
  2 kobold brigands
  3 bullfrogs
  2 gnoll sergeants
  9 wights
  8 killer bees
  A centaur zombie (Ossuary)
  3 jellies
  3 hounds
  6 orc priests
  5 iguanas
  3 orc wizards
  2 mummies (Ossuary)
  7 gnolls
  6 adders
  3 white imps
  An ufetubus (D:5)
  2 worms (D:2)
  4 dart slugs
  23 orcs
  2 ball pythons (D:1)
  5 bats
  11 endoplasms
  2 giant cockroaches (D:4)
  2 gnoll zombies (Ossuary)
  4 goblins
  9 hobgoblins
  A quokka (D:3)
  2 frilled lizards
  5 goblin zombies (Ossuary)
  2 hobgoblin zombies (Ossuary)
  13 kobolds
  2 orc zombies (Ossuary)
  10 rats
201 creatures vanquished.

Vanquished Creatures (collateral kills)
  The ghost of logorrheac the Geomancer, a novice GnWn (D:6)
  A wizard (D:9)
  A glowing orange brain (shapeshifter) (D:8)
  A manticore (D:9)
  The ghost of Iich the Chopper, an amateur HOFi (D:4)
  A raiju (shapeshifter) (D:9)
  5 yaks
  An acid dragon (D:9)
  A water moccasin (D:9)
  The ghost of Hellmel the Chopper, an amateur DsGl (D:3)
  A centaur (D:9)
  2 kobold brigands (D:9)
  A bullfrog (D:9)
  A scorpion (D:6)
  7 wights
  4 killer bees
  A howler monkey (D:9)
  2 lava snakes (D:8)
  2 orc wizards
  A gnoll (D:6)
  An ufetubus (D:7)
  6 orcs (D:3)
  3 kobolds (D:6)
46 creatures vanquished.

Vanquished Creatures (others)
  A jelly (D:9)
  5 knights
  An orc wizard (D:5)
  3 ancestors (D:6)
10 creatures vanquished.

Grand Total: 257 creatures vanquished

Notes
Turn   | Place    | Note
-------+----------+-------------------------------------------
     0 | D:1      | PyroL the Draconian Warper began the quest for the Orb.
     0 | D:1      | Reached XP level 1. HP: 17/17 MP: 3/3
     2 | D:1      | Noticed a vine stalker
     2 | D:1      | Noticed a formicid
     4 | D:1      | Noticed an armataur
     4 | D:1      | Noticed an ogre
     6 | D:1      | Noticed a demigod
     6 | D:1      | Noticed a felid
     8 | D:1      | Noticed a gargoyle
    10 | D:1      | Noticed a naga
    10 | D:1      | Noticed a troll
    12 | D:1      | Noticed an elf
    12 | D:1      | Noticed a human
    14 | D:1      | Noticed a vampire
    14 | D:1      | Noticed a minotaur
    16 | D:1      | Noticed a merfolk
    16 | D:1      | Noticed a spriggan
    18 | D:1      | Noticed a tengu
    18 | D:1      | Noticed a ghoul
    20 | D:1      | Noticed an octopode
    20 | D:1      | Noticed a meteoran
    22 | D:1      | Noticed a demonspawn
    24 | D:1      | Noticed an elf
    26 | D:1      | Noticed a naga
    26 | D:1      | Noticed a troll
   203 | D:1      | Reached XP level 2. HP: 25/25 MP: 5/5
   992 | D:2      | Found Akioczub's Antique Armour Emporium.
  1010 | D:2      | Reached XP level 3. HP: 27/30 MP: 6/6
  1115 | D:2      | Found Gar Kiub's Weapon Shop.
  1207 | D:2      | Found a stormy altar of Qazlal.
  1211 | D:2      | Learned a level 2 spell: Blink
  1323 | D:2      | Reached skill level 3 in Fighting
  1429 | D:2      | Reached XP level 4. HP: 27/38 MP: 7/7
  1670 | D:3      | Found an iron altar of Okawaru.
  1751 | D:3      | Found a runed translucent gate.
  1751 | D:3      | Noticed Hellmel's ghost (amateur DsGl)
  1752 | D:3      | Found a runed translucent gate.
  1753 | D:3      | Found a runed translucent gate.
  1801 | D:3      | Found a burning altar of Makhleb.
  2939 | D:4      | Noticed Sigmund
  2951 | D:5      | Entered Level 5 of the Dungeon
  2951 | D:5      | Found a sand-covered staircase.
  2960 | Ossuary  | Entered an ossuary
  3001 | Ossuary  | HP: 1/38 [elf zombie (3)]
  3054 | Ossuary  | Reached XP level 5. HP: 28/46 MP: 9/9
  3062 | Ossuary  | Reached skill level 5 in Translocations
  3077 | Ossuary  | Reached skill level 4 in Fighting
  3077 | Ossuary  | Reached XP level 6. HP: 30/52 MP: 9/11
  3164 | D:5      | Found Qiroradi's Armour Shop.
  3253 | D:5      | Found a staircase to the Ecumenical Temple.
  3255 | D:5      | Found Cass's Elemental Accessories.
  3261 | Temple   | Entered the Ecumenical Temple
  3311 | Temple   | Became a worshipper of Hepliaklqana the Forgotten
  3477 | D:5      | Learned a level 3 spell: Teleport Other
  4695 | D:4      | Your scales start taking on a golden yellow colour.
  4695 | D:4      | Reached XP level 7. HP: 59/60 MP: 12/12
  4695 | D:4      | Gained mutation: You are resistant to acid. (rCorr) [Yellow
                  | Draconian growth]
  4719 | D:4      | Found a runed translucent gate.
  4722 | D:4      | Found a runed translucent gate.
  4722 | D:4      | Found a runed translucent gate.
  4722 | D:4      | Noticed Iich's ghost (amateur HOFi)
  4828 | D:4      | Killed Sigmund
  5180 | D:6      | Noticed Eustachio
  5233 | D:5      | Reached skill level 5 in Fighting
  5476 | D:6      | Found a shimmering blue altar of Sif Muna.
  5739 | D:6      | Found a large runed translucent door.
  5740 | D:6      | Found a large runed translucent door.
  5743 | D:6      | Noticed logorrheac's ghost (novice GnWn)
  5772 | D:6      | Reached * piety under Hepliaklqana
  5800 | D:6      | Identified the +6 trident "Cololyco" {drain, Int+6}
  5858 | D:6      | Reached XP level 8. HP: 38/57 MP: 14/14
  5981 | D:6      | Killed Eustachio
  6024 | D:6      | Found Ykhlaz's Distillery.
  6060 | D:6      | Found a hide-covered altar of Uskayaw.
  6067 | D:6      | Reached skill level 6 in Fighting
  6067 | D:6      | Reached skill level 5 in Spellcasting
  6146 | D:6      | Found a blossoming altar of Fedhas.
  6395 | D:6      | Found a faded altar of an unknown god.
  6395 | D:6      | Found a faded altar of an unknown god.
  6403 | D:6      | Found a radiant altar of Vehumet.
  6405 | D:6      | Found a shimmering altar of Xom.
  6407 | D:6      | Found a broken altar of Ashenzari.
  6546 | D:3      | Learned a level 4 spell: Manifold Assault
  6564 | D:3      | Killed Hellmel's ghost
  6715 | D:4      | Killed Iich's ghost
  6716 | D:4      | Reached skill level 7 in Fighting
  6716 | D:4      | Reached XP level 9. HP: 51/71 MP: 5/17
  6844 | D:6      | Killed logorrheac's ghost
  6845 | D:6      | Reached skill level 8 in Fighting
  7154 | D:7      | Found Cubeqe's Antique Weapon Emporium.
  7248 | D:7      | Reached skill level 9 in Fighting
  7254 | D:7      | Learned a level 3 spell: Vhi's Electric Charge
  7618 | D:7      | Reached skill level 1 in Air Magic
  7636 | D:7      | Found a shadowy altar of Dithmenos.
  7742 | D:8      | Noticed Pikel
  7852 | D:8      | Killed Pikel
  7853 | D:8      | Reached skill level 10 in Fighting
  7951 | D:8      | Reached ** piety under Hepliaklqana
  7952 | D:8      | Remembered your ancestor Cyrano as a knight
  7962 | D:8      | Noticed a two-headed ogre
  7969 | D:8      | Killed a two-headed ogre
  7970 | D:8      | Reached skill level 10 in Translocations
  7970 | D:8      | Reached XP level 10. HP: 84/84 MP: 2/18
  8141 | D:8      | Found a basalt altar of Yredelemnul.
  8170 | D:8      | Reached skill level 11 in Fighting
  8335 | D:8      | Noticed Erica
  8346 | D:8      | Killed Erica
  8347 | D:8      | Reached skill level 12 in Fighting
  8347 | D:8      | Reached skill level 5 in Air Magic
  8995 | D:9      | Found a bloodstained altar of Trog.
  9003 | D:9      | Noticed Prince Ribbit
  9011 | D:9      | Killed Prince Ribbit
  9100 | D:9      | Reached skill level 13 in Fighting
  9103 | D:9      | Reached XP level 11. HP: 77/96 MP: 9/19
  9231 | D:9      | Identified the +7 falchion "Toc Sie" {antimagic, *Rage
                  | *Corrode rElec Str+8}
  9360 | D:9      | Noticed a wizard
  9822 | D:9      | Reached skill level 14 in Fighting
 10156 | D:9      | Noticed an ettin
 10171 | D:9      | an ettin changed into a deep troll
 10171 | D:9      | Noticed a deep troll (shapeshifter)
 10217 | D:8      | a deep troll changed into an eye of devastation
 10227 | D:8      | Noticed a steelbarb worm
 10228 | D:8      | a steelbarb worm changed into a glowing orange brain
 10228 | D:8      | Noticed a glowing orange brain (shapeshifter)
 10234 | D:8      | Killed a glowing orange brain
 10476 | D:9      | Reached skill level 15 in Fighting
 10613 | D:9      | Killed a wizard
 10755 | D:9      | Found a viscous altar of Jiyva.
 10760 | D:9      | Identified the +7 dagger of Godaklom {venom, rF- Str+7
                  | SInv}
 10767 | D:9      | Reached skill level 1 in Polearms
 10952 | D:9      | Killed from afar by an efreet

Illustrated notes

Levels and vault maps discovered:
D:1:      kb_arrival_jail, layout_loops_ring
D:2:      layout_rooms, serial_shops, shop_fountains, shop, basic_altar
D:3:      layout_loops_ring, mainiacjoe_overflow_catwalk,
          general_overflow_altar, biasface_ghost_orc_armoury,
          kennysheep_generic_room_11
D:4:      layout_basic, ebering_ghost_rock_garden, uniq_sigmund
D:5:      layout_rooms, minmay_temple_entry_mini_moons,
          lightli_ossuary_entry_decrepit_ruins, serial_shops, shop_coins,
          chequers_serial_rivers_room_a, chequers_serial_rivers_small_b,
          grunt_ministairs_3, corner_web_ring, nicolae_elemental_shop
D:6:      layout_rooms, led_sif_book, fedhas_altar_fruit_tree,
          kennysheep_little_box, chequers_temple_overflow_minitemple,
          serial_shops, nicolae_shop_advertising_works
          [nicolae_subvault_shop_adworks], ebering_ghost_disaster_area,
          kennysheep_generic_room_13, uniq_eustachio
D:7:      layout_loops_ring, kennysheep_mini_moat, serial_shops,
          nicolae_shop_behind_doors
D:8:      layout_basic, mainiacjoe_overflow_small_starburst,
          kennysheep_crisscross, uniq_erica, uniq_pikel
D:9:      minmay_the_grid_octo_tiled_squarecenter
          [minmay_the_grid_octo_fan_narrow, minmay_the_grid_octo_checkerflower,
          minmay_the_grid_octo_vomiting_pacman, minmay_the_grid_octo_concentric,
          minmay_the_grid_square_5x5_megaprize_crossed,
          minmay_the_grid_square_5x5_sharp_hourglass,
          minmay_the_grid_square_5x5_empty, minmay_the_grid_square_5x5_c,
          minmay_the_grid_square_5x5_bite], layout_long_grid,
          lemuel_crystal_altar, jiyva_altar_1, uniq_prince_ribbit1
Temple:   nicolae_temple_ecumenical_triangle

Skill      XL: |  1  2  3  4  5  6  7  8  9 10 11 |
---------------+----------------------------------+-----
Fighting       | 3 4 5 7 10 13 15 | 15.6
Translocations | 4 5 6 7 8 10 | 10.0
Spellcasting   | 3 4 5 |  5.3
Air Magic      | 3 5 |  5.0
Polearms       | 1 |  1.2
Maces & Flails | |  2.0
Throwing       | |  0.8
Dodging        | |  2.1
Invocations    | |  0.9

Action                   |  1- 3 |  4- 6 |  7- 9 | 10-12 || total
-------------------------+-------+-------+-------+-------++-------
Melee: Mace              |   135 |   134 |       |       ||   269
       Tailslap          |    16 |    27 |    36 |    31 ||   110
       Flail             |       |   104 |    94 |       ||   198
       Trident           |       |       |   201 |   342 ||   543
Throw: Boomerang         |     3 |       |       |       ||     3
 Cast: Blink             |       |    14 |     2 |     6 ||    22
       Manifold Assault  |       |       |    16 |    60 ||    76
       Teleport Other    |       |       |       |     1 ||     1
Invok: Ancestor Identity |       |       |     1 |       ||     1
       Ancestor Life: Kn |       |       |     1 |       ||     1
  Use: Potion            |       |     6 |       |     2 ||     8
       Scroll            |       |     3 |     4 |     1 ||     8
 Stab: Distracted        |       |       |     1 |     1 ||     2
       Sleeping          |       |       |     1 |     1 ||     2
Armor: Skin              |    49 |   332 |   107 |    98 ||   586
Dodge: Dodged            |    78 |   257 |   192 |   156 ||   683
       Repelled          |       |       |       |     2 ||     2
Block: Buckler           |    14 |    63 |    45 |    39 ||   161

Table legend: (Time is in decaauts)
 A = Elapsed time spent in this place.
 B = Non-inter-level travel time spent in this place.
 C = Inter-level travel time spent in this place.
 D = Time resting spent in this place.
 E = Time spent auto-exploring this place.
 F = Levels seen in this place.
 G = Mean time per level.
                   A        B        C        D        E       F      G
               +--------+--------+--------+--------+--------+-----+--------+
         Total |  11308 |  10691 |    617 |   2561 |   5491 |  11 | 1028.0 |
       Dungeon |  11012 |  10403 |    609 |   2550 |   5415 |   9 | 1223.6 |
        Temple |     59 |     51 |      8 |      0 |     25 |   1 |   59.0 |
       Ossuary |    236 |    236 |      0 |     11 |     51 |   1 |  236.0 |
               +--------+--------+--------+--------+--------+-----+--------+

Top non-repeatable levels by time:
     D:8: 1893 daAuts
     D:6: 1437 daAuts
     D:9: 1433 daAuts
     D:5: 1415 daAuts
     D:3: 1248 daAuts
     D:4: 1162 daAuts
     D:2: 865 daAuts
     D:7: 787 daAuts
     D:1: 767 daAuts
 Ossuary: 236 daAuts
  Temple: 59 daAuts
